 Dungeon Crawl Stone Soup version 0.29-a0-319-gad05b8d819 (webtiles) character file.

Game seed: 13105540436203359682

30 iamserjio the Insei (level 3, -1/46 HPs)
             Began as a Mayflytaur Transmuter on Apr 1, 2022.
             Slain by Menkaure (8 damage)
             ... on level 4 of the Dungeon.
             The game lasted 00:02:15 (277 turns).

iamserjio the Insei (Mayflytaur Transmuter)          Turns: 277, Time: 00:02:16

Health: -1/46      AC: 21    Str: 11    XL:     3   Next: 18%
Magic:  7/8        EV:  2    Int: 17    God:
Gold:   18         SH:  0    Dex: 14    Spells: 6/7 levels left

rFire   . . .      SeeInvis .     - Unarmed
rCold   . . .      Faith    .   (no shield)
rNeg    . . .      Spirit   .   (body armour currently unavailable)
rPois   +          Reflect  .   (helmet currently unavailable)
rElec   .          Harm     .   (cloak currently unavailable)
rCorr   .          Rampage  .   (gloves currently unavailable)
Will    .....      NoTele   +   (boots currently unavailable)
Stlth   +.........              (no amulet)
HPRegen 0.15/turn               d - ring of wizardry
MPRegen 0.11/turn               (no ring)

@: tree-form
A: stationary, stasis, torment immunity, boosted hp, damage resistance, (big
wings), sense surroundings 1, short lifespan
a: no special abilities


You were on level 4 of the Dungeon.
You were a tree.
You visited 1 branch of the dungeon, and saw 4 of its levels.

You collected 18 gold pieces.

Inventory:

Armour
 a - a +0 robe (melded)
 f - a scarf of resistance (melded)
Jewellery
 d - a ring of wizardry (left branch)
Potions
 c - a potion of curing {unknown}
 e - a potion of brilliance {unknown}


   Skills:
 - Level 1.1 Fighting
 - Level 2.1 Dodging
 - Level 4.0 Unarmed Combat
 - Level 2.6 Spellcasting
 + Level 3.1 Transmutations
 + Level 2.0 Ice Magic


You had 6 spell levels left.
You knew the following spells:

 Your Spells              Type           Power      Damage    Failure   Level
a - Beastly Appendage     Tmut           26%        N/A       1%          1

Your spell library contained the following spells:

 Spells                   Type           Power      Damage    Failure   Level
 Wereblood                Tmut           13%        N/A       3%          2
 Spider Form              Tmut/Pois      7%         N/A       12%         3
 Ice Form                 Ice/Tmut       11%        N/A       24%         4


Dungeon Overview and Level Annotations

Branches:
Dungeon (4/15)             Temple (0/1) D:4

Altars:

Annotations:
D:4 Menkaure


Innate Abilities, Weirdness & Mutations

You are a tree.
Your roots penetrate the ground, keeping you stationary.
You cannot be teleported.
You are immune to unholy pain and torment.
Your maximum health is greatly increased.
Your equipment is partially melded.
You are resistant to damage.
((Your large and strong wings let you fly.))
You passively map a small area around you.
You are easily found by Zot.


Message History

There is a stone staircase leading down here.
You fly downwards.
You hear the sound of rushing water.
There is an entrance to a sewer on this level.
Hurry and find it before the portal rusts away!
You hear the slow rusting of a very distant drain.
Your transformation is almost over.
There is a stone staircase leading up here.
Unknown command.
There is a stone staircase leading down here.
You reach down and open the door.
You fly downwards.
Your horns disappear.
Your talons disappear.
Menkaure shouts!
Found four items.
There is a stone staircase leading up here.
Unknown command.
Okay, then.
Casting: Beastly Appendage (safe; 1% risk of failure)
Okay, then.
Okay, then.
Casting: Beastly Appendage (safe; 1% risk of failure)
You grow a pair of large bovine horns.
Your feet morph into talons.
You barely miss Menkaure. Your headbutt misses Menkaure.
Menkaure hits you but does no damage.
You hit Menkaure. You claw Menkaure. You completely miss Menkaure.
You headbutt Menkaure!
A shadow imp comes into view.
Menkaure hits you!!
Ouch! That really hurt!
Unknown command.
Really quaff the potion of lignification?
Your horns disappear.
Your talons disappear.
You turn into a tree.
Your scarf of resistance melds into your body.
Your +0 robe melds into your body.
You feel hot and cold all over.
Your roots penetrate the ground.
Menkaure hits you but does no damage.
You hit Menkaure but do no damage. Menkaure hits you!
* * * LOW HITPOINT WARNING * * *
You hit Menkaure. Menkaure hits you!
You die...

> .#......[## . *
#.........#.. ,
,##...........#
##../...!...... ,
###..............
.................
#.......<.......
#...............
*
#....=♣.........
#.....M.........
#...............
* 8
##..............
,*
...........5....
*
.......###.##..#.
....... .. .## ,
......., #.# + ,


You could see Menkaure and a shadow imp.

Vanquished Creatures
  An adder (D:3)
  A dart slug (D:2)
  2 bats (D:1)
  2 endoplasms
  2 hobgoblins
  A jackal (D:3)
  3 ball pythons
  2 frilled lizards
  3 kobolds
  A rat (D:2)
18 creatures vanquished.

Notes
Turn   | Place    | Note
-------+----------+-------------------------------------------
     0 | D:1      | iamserjio the Mayflytaur Transmuter began the quest for the
                  | Orb.
     0 | D:1      | Reached XP level 1. HP: 18/18 MP: 5/5
    66 | D:1      | Reached skill level 1 in Ice Magic
    68 | D:1      | Reached XP level 2. HP: 22/25 MP: 4/6
   200 | D:3      | Reached XP level 3. HP: 31/31 MP: 6/8
   268 | D:4      | Noticed Menkaure
   277 | D:4      | Slain by Menkaure

Illustrated notes

Levels and vault maps discovered:
D:1:      matt_arrival_grand_opening, layout_basic,
          dilly_ecumenical_altar_fadedgnrine
D:2:      layout_basic, uniq_sigmund
D:3:      layout_loops_corners, grunt_temple_overflow_open,
          gup_sewer_entry_spiral, st_stairs_10, hangedman_glass_teeth,
          minmay_rat_hole, uniq_robin, uniq_terence, uniq_natasha
D:4:      layout_rooms, mainiacjoe_overflow_catch_the_wave,
          minmay_temple_entry_wispy, gammafunk_ghost_cemetery, uniq_menkaure

Skill      XL: |  1  2  3 |
---------------+----------+-----
Ice Magic      | 1 2 |  2.0
Transmutations | 3 |  3.1
Fighting       | |  1.1
Dodging        | |  2.1
Unarmed Combat | |  4.0
Spellcasting   | |  2.6

Action                   || total
-------------------------++-------
Melee: Unarmed           ||    46
       Headbutt          ||     5
       Kick              ||    11
 Cast: Beastly Appendage ||     8
  Use: Potion            ||     1
 Stab: Sleeping          ||     1
Armor: Robe              ||    12
       Skin              ||     1
Dodge: Dodged            ||    33

Table legend: (Time is in decaauts)
 A = Elapsed time spent in this place.
 B = Non-inter-level travel time spent in this place.
 C = Inter-level travel time spent in this place.
 D = Time resting spent in this place.
 E = Time spent auto-exploring this place.
 F = Levels seen in this place.
 G = Mean time per level.
                   A        B        C        D        E       F      G
               +--------+--------+--------+--------+--------+-----+--------+
         Total |    277 |    257 |     20 |      0 |     28 |   4 |   69.2 |
       Dungeon |    277 |    257 |     20 |      0 |     28 |   4 |   69.2 |
               +--------+--------+--------+--------+--------+-----+--------+

Top non-repeatable levels by time:
     D:2: 117 daAuts
     D:1: 111 daAuts
     D:3: 39 daAuts
     D:4: 8 daAuts
